 Dungeon Crawl Stone Soup version 0.29-a0-294-g83ea962da3 (webtiles) character file.

Game seed: 7108578632139440342

16 namelastname112 the Sneak (level 2, 25/25 HPs)
             Began as a Draconian Brigand on Mar 18, 2022.
             Was a Follower of Qazlal.
             Quit the game on level 1 of the Dungeon.
             The game lasted 00:00:33 (519 turns).

namelastname112 the Sneak (Draconian Brigand)        Turns: 519, Time: 00:00:33

Health: 25/25      AC:  5    Str: 13    XL:     2   Next: 37%
Magic:  2/2        EV: 11    Int: 11    God:    Qazlal [*.....]
Gold:   30         SH:  1    Dex: 12    Spells: 1/1 levels left

rFire   . . .      SeeInvis .   f - +1 short sword (venom)
rCold   . . .      Faith    .   (no shield)
rNeg    . . .      Spirit   .   (body armour unavailable)
rPois   .          Reflect  .   (helmet restricted)
rElec   .          Harm     .   b - +0 cloak
rCorr   .          Rampage  .   (no gloves)
Will    .....                   (no boots)
Stlth   ++........              (no amulet)
HPRegen 0.08/turn               (no ring)
MPRegen 0.08/turn               (no ring)

@: no status effects
A: AC +4, unfitting armour, cold-blooded
a: Renounce Religion


You were on level 1 of the Dungeon.
You worshipped Qazlal.
Qazlal was aware of your devotion.
You visited 1 branch of the dungeon, and saw 1 of its levels.

You collected 30 gold pieces.

Inventory:

Hand Weapons
 a - a +2 dagger
 f - a +1 short sword of venom (weapon)
Missiles
 c - 9 poisoned darts (quivered)
 d - 3 curare-tipped darts
Armour
 b - a +0 cloak (worn)
Scrolls
 g - a scroll of noise {unknown}
 h - a scroll of immolation {unknown}
Potions
 e - a potion of curing {unknown}


   Skills:
 + Level 2.4 Fighting
 + Level 2.2 Short Blades
 + Level 2.0 Throwing
 + Level 1.2 Dodging
 + Level 3.7 Stealth


You had one spell level left.
You didn't know any spells.
Your spell library contained the following spells:

 Spells                   Type           Power      Damage    Failure   Level
 Apportation              Tloc           0%         N/A       34%         1
 Alistair's Intoxication  Tmut/Pois      0%         N/A       100%        5


Dungeon Overview and Level Annotations

Branches:
Dungeon (1/15)

Altars:
Qazlal


Innate Abilities, Weirdness & Mutations

Your plain brown scales are hard. (AC +4)
You cannot fit into any form of body armour.
You are cold-blooded and may be slowed by cold attacks.


Message History

A giant cockroach is nearby!!!
You see here 11 gold pieces!
The giant cockroach barely misses you!
You spit the giant cockroach but do no damage!
The giant cockroach is poisoned!
You tail-slap the giant cockroach!
The giant cockroach is almost dead!
You annihilate the giant cockroach!!!
Qazlal roars: ANNIHILATED!
No target in view!!!
No target in view!!!
No target in view!!!
No target in view!!!
No target in view!!!
You now have 18 gold pieces (gained 11)!
You see here a giant cockroach corpse!
A frilled lizard comes into view!
A frilled lizard is nearby!!!
A frilled lizard is nearby!!! 2 ball pythons come into view!
The ball python hisses angrily!
The frilled lizard hisses angrily!
You closely miss the frilled lizard! The frilled lizard closely misses you!
The ball python hisses angrily!
You stick the frilled lizard but do no damage!
The frilled lizard is poisoned!
You annihilate the frilled lizard!!!
Qazlal roars: ANNIHILATED!
You skewer the ball python like a kebab!
You annihilate the ball python!!!
Qazlal roars: ANNIHILATED!
You perforate the ball python like a sieve!
The ball python is poisoned!
The ball python is severely wounded!
You annihilate the ball python!!!
Qazlal roars: ANNIHILATED!
You now have 30 gold pieces (gained 12)!
Key pressed, stopping explore!
An endoplasm comes into view!
The endoplasm quivers!
Are you sure you want to abandon this character and quit the game? (Confirm with "yes"!)

...# #...##...##.#
##.# ##..##...##.#
#.# #..........#
#.# #..........#
#.####..........#
#............##.#
######..##...##.#
## #..####.##.#
.######..#....#.@#
..............#.##
....##.....####.
.........### #.
........## #.
#####.### #J #...
.. ##### ##


You could see an endoplasm.

Vanquished Creatures
  A giant cockroach (D:1)
  A hobgoblin (D:1)
  A quokka (D:1)
  7 ball pythons (D:1)
  A frilled lizard (D:1)
  3 goblins (D:1)
  A kobold (D:1)
  2 rats (D:1)
17 creatures vanquished.

Notes
Turn   | Place    | Note
-------+----------+-------------------------------------------
     0 | D:1      | namelastname112 the Draconian Brigand began the quest for
                  | the Orb.
     0 | D:1      | Reached XP level 1. HP: 17/17 MP: 1/1
    85 | D:1      | Reached skill level 1 in Dodging
   235 | D:1      | Reached XP level 2. HP: 25/25 MP: 2/2
   283 | D:1      | Found a faded altar of an unknown god.
   382 | D:1      | Prayed at the altar of an unknown god.
   382 | D:1      | Became a worshipper of Qazlal Stormbringer
   382 | D:1      | Reached * piety under Qazlal
   519 | D:1      | Quit the game

Illustrated notes

Levels and vault maps discovered:
D:1:      dpeg_arrival_fog, layout_loops_ring,
          hellmonk_ecumenical_altar_run_dry, st_stairs_6

Skill      XL: |  1  2 |
---------------+-------+-----
Dodging        | 1 |  1.2
Throwing       | 2 |  2.0
Fighting       | |  2.4
Short Blades   | |  2.2
Stealth        | |  3.7

Action                   || total
-------------------------++-------
Melee: Dagger            ||    30
       Short sword       ||    14
       Tailslap          ||     1
 Stab: Sleeping          ||     2
Armor: Skin              ||    16
Dodge: Dodged            ||    20

Table legend: (Time is in decaauts)
 A = Elapsed time spent in this place.
 B = Non-inter-level travel time spent in this place.
 C = Inter-level travel time spent in this place.
 D = Time resting spent in this place.
 E = Time spent auto-exploring this place.
 F = Levels seen in this place.
 G = Mean time per level.
                   A        B        C        D        E       F      G
               +--------+--------+--------+--------+--------+-----+--------+
         Total |    515 |    489 |     26 |      0 |    389 |   1 |  515.0 |
       Dungeon |    515 |    489 |     26 |      0 |    389 |   1 |  515.0 |
               +--------+--------+--------+--------+--------+-----+--------+

Top non-repeatable levels by time:
     D:1: 515 daAuts
